 Dungeon Crawl Stone Soup version 0.17.1-3-g152610e (webtiles) character file.

2368 inmateoo the Carver (level 9, 0/63 HPs)
             Began as a High Elf Berserker on Feb 22, 2016.
             Was an Elder of Trog.
             Slain by an orc warrior
             ... wielding a +0 glaive
              (26 damage)
             ... in a bailey.
             The game lasted 00:17:36 (6986 turns).

inmateoo the Carver (High Elf Berserker)            Turns: 6986, Time: 00:17:36

Health: 0/63       AC: 10    Str: 21    XL:     9   Next: 21%
Magic:  10/10      EV: 14    Int: 10    God:    Trog [****..]
Gold:   507        SH:  0    Dex: 17    Spells: 0 memorised, 8 levels left

rFire  . . .     SeeInvis .     k - +1 falchion (flame)
rCold  . . .     Clarity  .     b - +0 scale mail
rNeg   + . .     SustAt   .     (no shield)
rPois  .         Gourm    .     (helmet restricted)
rElec  .         Spirit   .     m - +1 cloak
rCorr  .         Warding  .     y - +0 pair of gloves
rMut   .         Stasis   .     (no boots)
MR     +....                    C - amulet of faith
Stlth  ..........               z - ring of protection from magic
                                o - ring of positive energy

@: somewhat resistant to hostile enchantments, extremely unstealthy
A: beak, blurry vision 1, strong 1
a: Berserk, Trog's Hand, Brothers in Arms, Burn Spellbooks, Renounce Religion


You were in a bailey.
You worshipped Trog.
Trog was greatly pleased with you.
You were not hungry.

You visited 1 branch of the dungeon, and saw 7 of its levels.
You also visited: Ossuary and Bailey.

You collected 507 gold pieces.

Inventory:

Hand Weapons
 k - a +1 falchion of flaming (weapon)
 q - the +2 spear "Upte" {pierce, rC+++ Dex-5}
   (You found it on level 7 of the Dungeon)

   It inflicts extra damage upon your enemies.
   It affects your dexterity (-5).
   It renders you almost immune to cold.
Armour
 b - a +0 scale mail (worn)
 e - a +0 plate armour
 m - a +1 cloak (worn)
 y - a +0 pair of gloves (worn)
Jewellery
 f - an uncursed amulet of warding {unknown}
 o - a ring of positive energy (left hand)
 z - a ring of protection from magic (right hand)
 C - an amulet of faith (around neck)
Wands
 n - a wand of frost (16)
 w - a wand of fireball (10)
 A - a wand of random effects (30)
Scrolls
 d - 3 scrolls of identify
 g - a scroll of fear
 l - 2 scrolls of enchant armour
 r - 2 scrolls of blinking
 B - 2 scrolls of remove curse
 G - a scroll of brand weapon
Potions
 a - 2 potions of invisibility
 h - 5 potions of flight
 i - 4 potions of brilliance
 j - 2 potions of heal wounds
 u - 9 potions of curing
 v - 2 potions of magic
 x - a potion of might
 D - a potion of berserk rage
 F - 2 potions of beneficial mutation
Books
 s - a book of Changes

   Spells                             Type                      Level
   a - Beastly Appendage              Transmutation                1
   b - Sticks to Snakes               Transmutation                2
   c - Spider Form                    Transmutation/Poison         3
   d - Ice Form                       Ice/Transmutation            4
   e - Blade Hands                    Transmutation                5
   Trog disapproves of the use of such an item.
Comestibles
 c - 4 bread rations
 p - a beef jerky
 t - a chunk of flesh


   Skills:
 + Level 6.3 Fighting
 * Level 10.0 Long Blades
 + Level 5.3 Armour
 + Level 6.3 Dodging


You had 8 spell levels left.
You didn't know any spells.

Dungeon Overview and Level Annotations

Branches:
Dungeon (7/15)             Temple (0/1) D:5

Altars:
Okawaru
Ru
Trog

Shops:
D:5 =


Innate Abilities, Weirdness & Mutations

You have a beak for a mouth.
Scrolls take you a little longer to read.
Your muscles are strong. (Str +2)


Message History

Your black bear claws the orc warrior but does no damage. x2
The orc warrior drinks a potion.
The orc warrior goes berserk!
Your black bear closely misses the orc warrior.
Your black bear claws the orc warrior but does no damage.
Your black bear closely misses the orc warrior.
Unknown command.
You closely miss the orc warrior.
The orc warrior is moderately wounded.
The orc warrior hits you with a glaive!!
Your black bear bites the orc warrior.
Your black bear barely misses the orc warrior.
Your black bear claws the orc warrior but does no damage.
Unknown command.
You hit the orc warrior. You burn the orc warrior. You peck the orc warrior.
The orc warrior is heavily wounded.
Your black bear bites the orc warrior but does no damage.
Your black bear closely misses the orc warrior.
Your black bear completely misses the orc warrior.
The orc warrior hits you with a glaive!!
You die...

### ############ ....
##........∩.## .....
######............#
......#...)#............#
o.....'oh)))).......)))∩#
......#.@.)#.......)))).#
..... ######.......)))..#
.... ##.......)∩.## ###
############


You could see an orc warrior (berserk) and a friendly black bear (berserk).

Vanquished Creatures
  The ghost of inmateoo the Insei, an amateur DsWz of Cheibriados (D:5)
  Sigmund (D:3)
  A sky beast (D:7)
  3 orc warriors
  An ogre (D:6)
  A centaur (D:4)
  3 water moccasin zombies (Ossuary)
  A scorpion (D:4)
  A quasit (D:7)
  3 crimson imps
  A giant frog zombie (D:5)
  4 hounds
  An orc priest (D:3)
  5 orc wizards
  2 centaur skeletons (D:4)
  Jessica (D:3)
  6 worker ants
  2 iguanas
  3 big kobold zombies (Ossuary)
  A hound zombie (D:6)
  2 mummies (Ossuary)
  7 gnolls
  A worker ant zombie (D:7)
  7 adders
  A river rat (D:5)
  An ooze (D:4)
  7 adder zombies (Ossuary)
  A worm (D:6)
  3 giant geckos
  29 orcs
  4 ball pythons
  9 giant cockroaches
  7 goblins
  6 hobgoblins
  9 jackals
  5 kobolds
  2 quokkas
  5 bats
  7 giant newts
  2 hobgoblin zombies (Ossuary)
  6 kobold zombies (Ossuary)
  5 orc zombies (Ossuary)
  6 rats
174 creatures vanquished.

Vanquished Creatures (collateral kills)
  3 orc warriors (Bailey)
  5 orcs (Bailey)
8 creatures vanquished.

Grand Total: 182 creatures vanquished

Notes
Turn   | Place    | Note
--------------------------------------------------------------
     0 | D:1      | inmateoo the High Elf Berserker began the quest for the Orb.
     0 | D:1      | Reached XP level 1. HP: 16/16 MP: 2/2
   398 | D:1      | Reached skill level 4 in Long Blades
   423 | D:1      | Reached XP level 2. HP: 15/21 MP: 3/3
  1050 | D:2      | Reached ** piety under Trog
  1125 | D:2      | Reached XP level 3. HP: 26/26 MP: 4/4
  2153 | D:3      | Noticed Sigmund
  2424 | D:3      | Killed Sigmund
  2424 | D:3      | Reached skill level 5 in Long Blades
  2424 | D:3      | Reached XP level 4. HP: 22/33 MP: 5/5
  2424 | D:3      | Reached XP level 5. HP: 24/37 MP: 6/6
  2870 | D:3      | Reached skill level 6 in Long Blades
  2875 | D:3      | Reached XP level 6. HP: 25/43 MP: 7/7
  3115 | D:3      | Noticed Jessica
  3140 | D:3      | Killed Jessica
  3287 | D:3      | Found a bloodstained altar of Trog.
  3287 | D:3      | Found an iron altar of Okawaru.
  3548 | D:4      | Reached *** piety under Trog
  3926 | D:4      | Reached skill level 7 in Long Blades
  3926 | D:4      | Reached XP level 7. HP: 5/49 MP: 8/8
  4190 | D:4      | Found a sacrificial altar of Ru.
  4357 | D:5      | Entered Level 5 of the Dungeon
  4397 | D:5      | Found Koxue's Jewellery Emporium.
  4703 | D:5      | Found a staircase to the Ecumenical Temple.
  4704 | D:5      | Noticed inmateoo's ghost (amateur DsWz)
  4729 | D:5      | Killed inmateoo's ghost
  4729 | D:5      | Reached skill level 5 in Fighting
  4800 | D:5      | Reached skill level 8 in Long Blades
  4906 | D:5      | Reached XP level 8. HP: 55/55 MP: 9/9
  5469 | D:5      | Reached skill level 5 in Dodging
  5814 | D:6      | Gained mutation: Your muscles are strong. (Str +2) [potion of mutation]
  5814 | D:6      | Gained mutation: Scrolls take you a little longer to read. [potion of mutation]
  5814 | D:6      | Gained mutation: You have a beak for a mouth. [potion of mutation]
  6033 | D:6      | Reached skill level 9 in Long Blades
  6379 | D:7      | Reached **** piety under Trog
  6535 | D:7      | Found a sand-covered staircase.
  6555 | Ossuary  | Entered an ossuary
  6686 | Ossuary  | Reached skill level 5 in Armour
  6731 | Ossuary  | Reached XP level 9. HP: 55/62 MP: 10/10
  6847 | D:7      | Found a flagged portal.
  6856 | D:7      | Got a smoking spear
  6859 | Bailey   | Entered a bailey
  6860 | Bailey   | Identified the cursed +2 spear "Upte" {pierce, rC+++ Dex-5} (You found it on level 7 of the Dungeon)
  6977 | Bailey   | Reached skill level 10 in Long Blades
  6986 | Bailey   | Slain by an orc warrior

Action                   |  1- 3 |  4- 6 |  7- 9 || total
-------------------------+-------+-------+-------++-------
Melee: Falchion          |   133 |   125 |   472 ||   730
Invok: Berserk           |     4 |     3 |     7 ||    14
       Trog's Hand       |       |     2 |     6 ||     8
       Burn Spellbooks   |       |       |     1 ||     1
       Brothers in Arms  |       |       |     1 ||     1
Evoke: Wand              |       |       |     3 ||     3
  Use: Scroll            |       |     8 |    18 ||    26
       Potion            |       |       |     2 ||     2
 Stab: Sleeping          |     2 |       |       ||     2
       Distracted        |       |       |     1 ||     1
  Eat: Chunk             |     6 |     5 |    11 ||    22
       Meat ration       |     1 |       |     1 ||     2
       Royal jelly       |       |       |     1 ||     1
       Beef jerky        |       |       |     1 ||     1
